 Dungeon Crawl Stone Soup version 0.29.1-1-gd02db69 (webtiles) character file.

Game seed: 947900427264592250

300 jagoly the Changer (level 6, 0/38 HPs)
             Began as an Octopode Transmuter on Oct 5, 2022.
             Was an Initiate of Gozag.
             Succumbed to a scorpion's poison
             ... on level 5 of the Dungeon.
             The game lasted 00:13:34 (3154 turns).

jagoly the Changer (Octopode Transmuter)            Turns: 3154, Time: 00:13:35

Health: 0/38       AC:  1    Str:  9    XL:     6   Next: 36%
Magic:  7/9        EV: 13    Int: 18    God:    Gozag
Gold:   198        SH:  0    Dex: 12    Spells: 3/9 levels left

rFire   . . .      SeeInvis .     - Unarmed
rCold   . . .      Faith    .   (no shield)
rNeg    . . .      Spirit   .   (helmet restricted)
rPois   .          Reflect  .   (no amulet)
rElec   .          Harm     .   (no ring)
rCorr   .          Rampage  .   (no ring)
Will    .....                   (no ring)
Stlth   ++........              (no ring)
HPRegen 0.12/turn               (no ring)
MPRegen 0.11/turn               (no ring)
                                (no ring)
                                (no ring)

@: lethally poisoned (0 -> -1)
A: almost no armour, amphibious, 8 rings, camouflage 1, gelatinous body 1,
(nimble swimmer 1), tentacles
a: Renounce Religion, Potion Petition, Call Merchant, Bribe Branch


You were on level 5 of the Dungeon.
You worshipped Gozag.
Gozag was aware of your devotion.
You visited 1 branch of the dungeon, and saw 5 of its levels.

You collected 260 gold pieces.
You spent 33 gold pieces at shops.
You paid 29 gold pieces to Gozag.

Inventory:

Missiles
 c - 50 stones
 m - 4 boomerangs of dispersal
Scrolls
 b - a scroll of identify
 f - a scroll of enchant armour {unknown}
 g - 4 scrolls of teleportation
 h - a scroll of amnesia {unknown}
 k - a scroll of torment {unknown}
 l - a scroll of fear {unknown}
 n - a scroll of blinking {unknown}
 o - a scroll of fog {unknown}
Potions
 a - 2 potions of lignification
 d - 2 potions of haste
 e - a potion of might {unknown}
 i - 2 potions of heal wounds
 j - a potion of flight {unknown}
 p - 2 potions of curing
 q - a potion of magic {unknown}


   Skills:
 - Level 1.0 Fighting
 - Level 2.0 Dodging
 - Level 3.0 Unarmed Combat
 - Level 2.0 Spellcasting
 + Level 5.3 Transmutations
 * Level 2.8 Ice Magic
 - Level 2.0 Poison Magic


You had 3 spell levels left.
You knew the following spells:

 Your Spells              Type           Power      Damage    Failure   Level
A - Beastly Appendage     Tmut           42%        N/A       1%          1
P - Spider Form           Tmut/Pois      15%        N/A       12%         3
W - Wereblood             Tmut           21%        N/A       3%          2

Your spell library contained the following spells:

 Spells                   Type           Power      Damage    Failure   Level
 Shock                    Conj/Air       4%         1d3       19%         1
 Summon Small Mammal      Summ           4%         N/A       19%         1
 Call Canine Familiar     Summ           1%         N/A       47%         3
 Summon Guardian Golem    Hex/Summ       1%         N/A       47%         3
 Swiftness                Air            1%         N/A       47%         3
 Ice Form                 Ice/Tmut       16%        N/A       32%         4
 Airstrike                Air            0%         2d(1-17)  87%         4


Dungeon Overview and Level Annotations

Branches:
Dungeon (5/15) Zot: 26852
 Temple: D:4-7

Altars:
Fedhas
Gozag
Ru

Shops:
D:1 (   D:4 **!=

Annotations:
D:4 exclusions: phantom and scorpion, Dowan, Duvessa, Sigmund


Innate Abilities, Weirdness & Mutations

You cannot wear most types of armour.
You are amphibious.
You can wear up to eight rings at the same time.
Your skin changes colour to match your surroundings (Stealth+).
Your rubbery body absorbs attacks. (AC +1, EV +1)
((You are camouflaged when in or above water. (Stealth+)))
You have tentacles for arms and can constrict up to eight enemies at once.


Message History

You are poisoned.
The scorpion poisons you!
You hit the scorpion.
The scorpion is severely wounded.
You feel very sick. The scorpion stings you.
Unknown command.
You barely miss the scorpion.
The scorpion is almost dead.
Your transformation is almost over.
* * * LOW HITPOINT WARNING * * *
You feel very sick.
You kill the scorpion!
Unknown command.
There is a lethal amount of poison in your body!
Unknown command.
Your transformation has ended.
* * * LOW HITPOINT WARNING * * *
You feel very sick.
There is a lethal amount of poison in your body!
* * * LOW HITPOINT WARNING * * *
You feel very sick.
* * * LOW HITPOINT WARNING * * *
You feel sick.
* * * LOW HITPOINT WARNING * * *
You feel sick.
* * * LOW HITPOINT WARNING * * *
You feel sick.
* * * LOW HITPOINT WARNING * * *
You feel sick.
* * * LOW HITPOINT WARNING * * *
You feel sick.
* * * LOW HITPOINT WARNING * * *
You feel sick.
* * * LOW HITPOINT WARNING * * *
You feel sick.
* * * LOW HITPOINT WARNING * * *
You feel sick.
You die...
Your body crumbles into a pile of gold.

## #.
#.
##.##
....
..#
#.#
#$#
#@#
#.#
#.#
..#
###


There were no monsters in sight!

Vanquished Creatures
  2 scorpions
  4 orc wizards (D:4)
  2 adders
  A dart slug (D:1)
  An orc (D:4)
  5 ball pythons
  7 endoplasms
  3 giant cockroaches
  5 goblins
  7 hobgoblins
  3 jackals (D:3)
  2 quokkas
  5 bats (D:1)
  3 frilled lizards
  7 kobolds
  3 rats
  A spectral hobgoblin (D:1)
61 creatures vanquished.

Notes
Turn   | Place    | Note
-------+----------+-------------------------------------------
     0 | D:1      | jagoly the Octopode Transmuter began the quest for the Orb.
     0 | D:1      | Reached XP level 1. HP: 13/13 MP: 3/3
   193 | D:1      | Reached skill level 1 in Poison Magic
   193 | D:1      | Reached XP level 2. HP: 16/18 MP: 3/5
   196 | D:1      | Learned a level 2 spell: Wereblood
   330 | D:1      | Found a faded altar of an unknown god.
   365 | D:1      | Found Biegorom's Antique Weapon Shoppe.
   770 | D:2      | Reached skill level 3 in Transmutations
   772 | D:2      | Reached XP level 3. HP: 21/23 MP: 2/6
  1429 | D:3      | Reached XP level 4. HP: 28/28 MP: 3/7
  1433 | D:3      | Learned a level 3 spell: Spider Form
  1945 | D:3      | Found a sacrificial altar of Ru.
  1946 | D:3      | Found a blossoming altar of Fedhas.
  1950 | D:3      | Found an opulent altar of Gozag.
  1960 | D:3      | Became a worshipper of Gozag Ym Sagoz the Greedy
  1997 | D:4      | Found Cuffob Labam's General Store.
  2000 | D:4      | Bought a potion of curing for 33 gold pieces
  2051 | D:4      | Noticed a scorpion
  2108 | D:4      | Noticed Sigmund
  2272 | D:4      | Noticed a scorpion
  2284 | D:4      | Killed a scorpion
  2285 | D:4      | Reached skill level 4 in Transmutations
  2285 | D:4      | Reached skill level 1 in Ice Magic
  2285 | D:4      | Reached XP level 5. HP: 11/33 MP: 6/8
  2640 | D:4      | Found Baloredd's Distillery.
  2647 | D:4      | Found Lenly's General Store.
  2657 | D:4      | Noticed a phantom
  2799 | D:4      | Reached skill level 5 in Transmutations
  2802 | D:4      | Noticed a black bear
  2900 | D:4      | Reached XP level 6. HP: 38/38 MP: 4/9
  3044 | D:4      | Found Jaump's Jewellery Emporium.
  3045 | D:4      | Noticed Dowan
  3063 | D:4      | Noticed Duvessa
  3136 | D:5      | Entered Level 5 of the Dungeon
  3152 | D:5      | HP: 1/38 [poisoned by a scorpion]
  3154 | D:5      | Succumbed to a scorpion's poison

Illustrated notes

Levels and vault maps discovered:
D:1:      sevenhm_arrival_forest_fort_large_4, layout_rooms,
          dreamdust_ecumenical_altar_drowned_temple, serial_shops, shop,
          kennysheep_decorative_pillar
D:2:      layout_rooms, minmay_misc_feat_plants, minmay_hedge_maze,
          minmay_ruptured
D:3:      layout_basic, minitemple
D:4:      layout_cave_pods, serial_shops, shop, nicolae_shop_hallway_plus,
          nicolae_square_shop, shop, nicolae_stop_n_shop_2, amethyst_killhole,
          minmay_a_box_with_orc_wizards_in_it, uniq_sigmund, uniq_duvessa
D:5:      corexii_shantytown, layout_loops_ring, serial_shops,
          nicolae_shop_hallway_plus, corexii_hall_statues_i, kennysheep_doodads,
          uniq_eustachio

Skill      XL: |  1  2  3  4  5 |
---------------+----------------+-----
Poison Magic   | 1 2 |  2.0
Transmutations | 3 4 5 |  5.3
Ice Magic      | 1 2 |  2.8
Fighting       | |  1.0
Dodging        | |  2.0
Unarmed Combat | |  3.0
Spellcasting   | |  2.0

Action                   |  1- 3 |  4- 6 || total
-------------------------+-------+-------++-------
Melee: Unarmed           |    75 |    61 ||   136
       Kick              |    24 |    18 ||    42
       Tentacles         |    11 |     1 ||    12
       Constrict         |    20 |     9 ||    29
       Punch             |     1 |     1 ||     2
 Cast: Beastly Appendage |    20 |     9 ||    29
       Wereblood         |     3 |     3 ||     6
       Spider Form       |       |     6 ||     6
 Abil: End Transformatio |       |     1 ||     1
  Use: Scroll            |       |     4 ||     4
       Potion            |       |     1 ||     1
 Stab: Sleeping          |     3 |     4 ||     7
Armor: Skin              |     5 |     3 ||     8
Dodge: Dodged            |    49 |    34 ||    83
